 Dungeon Crawl Stone Soup version 0.30-a0-170-g85af917532 (webtiles) character file.

Game seed: 13879442624834673776

146 qw the Chopper (level 5, -4/32 HPs)
             Began as a Gargoyle Fighter on Oct 1, 2022.
             Slain by Sigmund
             ... wielding a +0 scythe
              (10 damage)
             ... on level 2 of the Dungeon.
             The game lasted 00:00:54 (1939 turns).

qw the Chopper (Gargoyle Fighter)                   Turns: 1939, Time: 00:00:54

Health: -4/32      AC: 10    Str: 21    XL:     5   Next: 28%
Magic:  5/5        EV:  9    Int:  9    God:
Gold:   201        SH:  0    Dex:  9    Spells: 4/4 levels left

rFire   . . .      SeeInvis .    Y - +0 war axe
rCold   . . .      Faith    .    c - +0 buckler
rNeg    + . .      Spirit   .    b - +0 scale mail
rPois   inf        Reflect  .    (no helmet)
rElec   +          Harm     .    (no cloak)
rCorr   .          Rampage  .    (no gloves)
Will    .....                    (no boots)
Stlth   ..........               (no amulet)
HPRegen 0.10/turn                (no ring)
MPRegen 0.09/turn                (no ring)

@: confused, very slow
A: sickness immunity, AC +4, negative energy resistance 1, electricity
resistance, torment resistance 1, petrification resistance
a: no special abilities


You were on level 2 of the Dungeon.
You visited 1 branch of the dungeon, and saw 2 of its levels.

You collected 201 gold pieces.


Innate Abilities, Weirdness & Mutations

You are immune to sickness and miasma.
Your stone body is resilient. (AC +4)
You are immune to poison.
You resist negative energy. (rN+)
You are resistant to electric shocks. (rElec)
You are resistant to unholy torment.
You are immune to petrification.


   Skills:
 - Level 3.2 Fighting
 + Level 4.8 Axes
 - Level 3.2 Armour
 - Level 3.2 Shields


You had 4 spell levels left.
You didn't know any spells.
Your spell library was empty.

Inventory:

Hand Weapons
 e - a +0 club
 Y - a +0 war axe (weapon)
Armour
 b - a +0 scale mail (worn)
 c - a +0 buckler (worn)
Scrolls
 a - a scroll of butterflies {unknown}
 j - a scroll of enchant armour {unknown}
 k - a scroll of identify {unknown}
 n - a scroll of teleportation
 o - a scroll of noise {unknown}
Potions
 d - a potion of might
 f - a potion of magic {unknown}
 g - a potion of invisibility {unknown}
 h - a potion of cancellation {unknown}
 i - a potion of lignification {unknown}
 l - a potion of ambrosia {unknown}
 m - a potion of heal wounds {unknown}
 p - a potion of resistance {unknown}

Dungeon Overview and Level Annotations

Branches:
Dungeon (2/15)

Altars:
Makhleb

Annotations:
D:2 Natasha, Sigmund


Message History

The magic dart hits you.
Your unstable footing causes you to fumble your attack.
Sigmund casts a spell at you. The magic dart hits you!
Sigmund hits you with a +0 scythe.
Your unstable footing causes you to fumble your attack.
Sigmund laughs darkly.
Sigmund splashes around in the water.
You hit Sigmund but do no damage. You closely miss Sigmund.
Sigmund mumbles some strange words.
Sigmund flickers and vanishes!
Deactivating autopickup; reactivate with Ctrl-A.
Something hits you but does no damage.
Your unstable footing causes you to fumble your attack.
Something hits you.
You miss something. You slash something! Something hits you but does no damage.
Your unstable footing causes you to fumble your attack.
You block something's attack.
Your unstable footing causes you to fumble your attack.
Something hits you but does no damage.
Your unstable footing causes you to fumble your attack.
You block something's attack.
You miss something.
You hear some strange, mumbled words.
Something tries to affect you, but you resist.
Your unstable footing causes you to fumble your attack.
You hear a splashing noise.
You hit something but do no damage. Something hits you but does no damage.
You slash something!
You hear a splashing noise.
Your unstable footing causes you to fumble your attack.
You hear some strange, mumbled words.
You are confused.
You're too confused to attack without stumbling around!
There is a strange disturbance nearby!
Something hits you!
You die...

..#.......# ##..#
..........######## ###...##
##..............!###...#..#
#........#(..............#
##..#.#####..~~~~.~~~~~..#
#......# #.~~~~.~~~~~..#
#......# #.~~~~.~~~~~..#
#......# #.~~~~.~~~~~..#
#####..#####.~{@~........#
######....PP........~~~~..#
.....#......<.~~~~~.~~~~..#
####...P......~~~~~.~~~~..#
##..P...P..~~~~~.~~~~..
#..PP..P..~~~~~.~~~~.
##...................
#........#########.
######......<.#


There were no monsters in sight!

Vanquished Creatures
  Natasha (twice) (D:2)
  3 adders (D:2)
  3 worms (D:2)
  4 dart slugs
  10 ball pythons
  A bat (D:1)
  5 endoplasms
  2 giant cockroaches (D:1)
  8 goblins
  5 hobgoblins
  3 quokkas
  2 frilled lizards
  5 kobolds
  3 rats
56 creatures vanquished.

Vanquished Creatures (others)
  3 fungi (D:2)
  5 toadstools (D:2)
8 creatures vanquished.

Grand Total: 64 creatures vanquished

Notes
Turn   | Place    | Note
-------+----------+-------------------------------------------
     0 | D:1      | qw the Gargoyle Fighter began the quest for the Orb.
     0 | D:1      | Reached XP level 1. HP: 14/14 MP: 1/1
     0 | D:1      | 0 ||| qw: Version: 0.2-a-13-gfc7b4b4
     0 | D:1      | 0 ||| qw: Game counter: 1741
     0 | D:1      | 0 ||| qw: Always use a shield: true
     0 | D:1      | 0 ||| qw: God list: Okawaru
     0 | D:1      | 0 ||| qw: Allow faded altars: false
     0 | D:1      | 0 ||| qw: Do Orc after D:15 true
     0 | D:1      | 0 ||| qw: Do second Lair branch before Depths: true
     0 | D:1      | 0 ||| qw: Lair rune preference: random
     0 | D:1      | 0 ||| qw: Plans: Normal, Zot:1-4, God:TSO, Crypt, Tomb,
                  | Pan, Slime:5, Hells, Abyss, Orb
     0 | D:1      | 0 ||| PLANNING D:1-11
    40 | D:1      | HP: 3/14 [hobgoblin (1)]
    42 | D:1      | Reached skill level 2 in Axes
   327 | D:1      | 327 ||| Stepping ~*~*~tactically~*~*~ (stealth).
   332 | D:1      | Reached XP level 2. HP: 18/19 MP: 2/2
   335 | D:1      | 335 ||| Stepping ~*~*~tactically~*~*~ (stealth).
   339 | D:1      | 339 ||| Stepping ~*~*~tactically~*~*~ (stealth).
   519 | D:1      | 519 ||| Stepping ~*~*~tactically~*~*~ (stealth).
   520 | D:1      | 520 ||| Stepping ~*~*~tactically~*~*~ (stealth).
   524 | D:1      | 524 ||| Stepping ~*~*~tactically~*~*~ (hiding).
   611 | D:1      | Reached skill level 3 in Axes
   688 | D:1      | Found a faded altar of an unknown god.
   702 | D:1      | Reached XP level 3. HP: 23/23 MP: 3/3
   819 | D:1      | 819 ||| READING 2 scrolls labelled OZUG INESTASHREAGG.
   820 | D:1      | 820 ||| READING scroll labelled XUEDWIMPOW.
   824 | D:1      | 824 ||| READING scroll labelled MEIBLAUMIY.
   825 | D:1      | 825 ||| DRINKING 2 fizzy blue potions.
   929 | D:1      | 929 ||| DROPPING scroll of immolation.
   930 | D:1      | 930 ||| DROPPING potion of berserk rage.
   939 | D:2      | 939 ||| Stepping ~*~*~tactically~*~*~ (stealth).
   940 | D:2      | 940 ||| Stepping ~*~*~tactically~*~*~ (stealth).
   986 | D:2      | Found a burning altar of Makhleb.
  1003 | D:2      | Reached XP level 4. HP: 21/28 MP: 4/4
  1148 | D:2      | Noticed Natasha
  1157 | D:2      | Killed Natasha
  1158 | D:2      | Reached skill level 4 in Axes
  1315 | D:2      | 1315 ||| Stepping ~*~*~tactically~*~*~ (hiding).
  1316 | D:2      | 1316 ||| Stepping ~*~*~tactically~*~*~ (hiding).
  1485 | D:2      | 1485 ||| Stepping ~*~*~tactically~*~*~ (stealth).
  1496 | D:2      | Noticed Natasha
  1506 | D:2      | Killed Natasha
  1507 | D:2      | Reached XP level 5. HP: 23/32 MP: 5/5
  1513 | D:2      | 1513 ||| Stepping ~*~*~tactically~*~*~ (stealth).
  1611 | D:2      | 1611 ||| Stepping ~*~*~tactically~*~*~ (hiding).
  1773 | D:2      | Noticed Natasha
  1774 | D:2      | 1774 ||| Stepping ~*~*~tactically~*~*~ (stealth).
  1911 | D:2      | Noticed Sigmund
  1928 | D:2      | HP: 5/32 [something (6)]
  1939 | D:2      | Slain by Sigmund

Levels and vault maps discovered:
D:1:      wander_arrival_lonely_grave, layout_rooms, basic_ecumenical_altar
D:2:      minmay_spotlight, layout_rooms, basic_altar, minivault_14,
          grunt_ministairs_13, minmay_gold_behind_fungi, reono_crystal_passage,
          uniq_natasha, uniq_sigmund

Skill      XL: |  1  2  3  4 |
---------------+-------------+-----
Axes           | 2 3 4 |  4.8
Fighting       | |  3.2
Armour         | |  3.2
Shields        | |  3.2

Action                   |  1- 3 |  4- 6 || total
-------------------------+-------+-------++-------
Melee: War axe           |    89 |    86 ||   175
  Use: Scroll            |     3 |       ||     3
       Potion            |     1 |       ||     1
Armor: Scale mail        |    46 |    42 ||    88
Dodge: Dodged            |    37 |    39 ||    76
Block: Buckler           |    21 |    12 ||    33

Table legend:
 A = Non-vault XP
 B = Vault XP
 C = Vault XP percentage of total XP
 D = Non-vault monster count
 E = Vault monster count
 F = Vault count percentage of total count
                 A         B        C        D         E       F
            +---------+---------+-------+---------+---------+-------
      Total |     159 |      50 |  23.9 |      48 |       8 |  14.3
            +---------+---------+-------+---------+---------+-------
        D:1 |      50 |       0 |   0.0 |      27 |       0 |   0.0
        D:2 |     109 |      50 |  31.4 |      21 |       8 |  27.6
            +---------+---------+-------+---------+---------+-------
